 Dungeon Crawl Stone Soup version 0.28.0-1-gb440e238dd (webtiles) character file.

Game seed: 3617140382881608101

2489 Conn the Firebug (level 9, 0/52 HPs)
             Began as an Octopode Fire Elementalist on Feb 19, 2022.
             Was a Follower of Sif Muna.
             Slain by Prince Ribbit (15 damage)
             ... on level 7 of the Dungeon.
             The game lasted 00:15:20 (8204 turns).

Conn the Firebug (Octopode Fire Elementalist)       Turns: 8204, Time: 00:15:24

Health: 0/52       AC:  1    Str:  7    XL:     9   Next: 52%
Magic:  17/28      EV: 14    Int: 22    God:    Sif Muna [*.....]
Gold:   465        SH:  0    Dex: 18    Spells: 7/22 levels left

rFire   + . .      SeeInvis .   a - staff of fire
rCold   . . .      Faith    .   (no shield)
rNeg    . . .      Spirit   .   (helmet restricted)
rPois   .          Reflect  .   (no amulet)
rElec   .          Harm     .   b - +6 ring of dexterity
rCorr   .          Rampage  .   p - ring of magical power
Will    .....                   (no ring)
Stlth   ++++......              (no ring)
HPRegen 0.17/turn               (no ring)
MPRegen 0.21/turn               (no ring)
                                (no ring)
                                (no ring)

@: no status effects
A: almost no armour, amphibious, 8 rings, camouflage 1, gelatinous body 1,
(nimble swimmer 1), tentacles
a: Renounce Religion, Channel Magic


You were on level 7 of the Dungeon.
You worshipped Sif Muna.
Sif Muna was aware of your devotion.
You visited 2 branches of the dungeon, and saw 8 of its levels.

You collected 465 gold pieces.

Inventory:

Missiles
 h - 13 poisoned darts
 l - 2 boomerangs of dispersal
Magical Staves
 a - a staff of fire (weapon)
Jewellery
 b - a +6 ring of dexterity (left tentacle)
 d - a ring of ice
 p - a ring of magical power (right tentacle)
Wands
 m - a wand of polymorph (9)
 s - a wand of flame (25)
Scrolls
 c - 3 scrolls of vulnerability {unknown}
 f - 8 scrolls of identify {unknown}
 i - 2 scrolls of torment {unknown}
 j - a scroll of fog {unknown}
 k - 2 scrolls of enchant armour {unknown}
 n - 2 scrolls of teleportation {unknown}
 v - a scroll of amnesia {unknown}
Potions
 e - a potion of brilliance {unknown}
 g - 3 potions of curing
 o - a potion of attraction {unknown}
 q - a potion of degeneration {unknown}
 r - a potion of lignification {unknown}
 t - a potion of resistance {unknown}
 u - 2 potions of mutation {unknown}


   Skills:
 + Level 0.9 Fighting
 + Level 0.8 Staves
 + Level 3.2 Dodging
 + Level 4.7 Stealth
 + Level 7.0 Spellcasting
 + Level 6.2 Conjurations
 + Level 0.9 Hexes
 + Level 7.4 Fire Magic


You had 7 spell levels left.
You knew the following spells:

 Your Spells              Type           Power      Damage    Failure   Level
a - Foxfire               Conj/Fire      100%       2x1d9     1%          1
b - Conjure Flame         Conj/Fire      54%        6-21      1%          3
c - Inner Flame           Hex/Fire       39%        N/A       4%          3
d - Flame Wave            Conj/Fire      54%        2d11      4%          4
e - Scorch                Fire           100%       2d10      1%          2
f - Call Imp              Summ           7%         N/A       12%         2

Your spell library contained the following spells:

 Spells                   Type           Power      Damage    Failure   Level
 Magic Dart               Conj           100%       1d8       1%          1
 Mephitic Cloud           Conj/Pois/Air  16%        N/A       11%         3
 Corpse Rot               Necr/Air       14%        N/A       12%         2
 Poisonous Vapours        Pois/Air       14%        N/A       12%         2


Dungeon Overview and Level Annotations

Branches:
Dungeon (7/15)             Temple (1/1) D:5

Altars:
Ashenzari
Dithmenos
Fedhas
Gozag
Kikubaaqudgha
Makhleb
Nemelex Xobeh
Okawaru
Qazlal
Ru
Sif Muna
Trog
Uskayaw
Xom
Zin
The Shining One

Shops:
D:5 *

Portals:
Abyss: D:4

Annotations:
D:4 2 transporters, Acheron's ghost, amateur TeWn
D:7 Prince Ribbit


Innate Abilities, Weirdness & Mutations

You cannot wear most types of armour.
You are amphibious.
You can wear up to eight rings at the same time.
Your skin changes colour to match your surroundings (Stealth+).
Your rubbery body absorbs attacks. (AC +1, EV +1)
((You are camouflaged when in or above water. (Stealth+)))
You have tentacles for arms and can constrict up to eight enemies at once.


Message History

Casting: Flame Wave (dangerous; 5% risk of failure)
Press: ? - help, Dir - look around, f - activate You feel a surge of power!
A wave of flame ripples out!
The flame wave engulfs the water moccasin skeleton!
The water moccasin skeleton is severely damaged.
The flame wave engulfs your foxfire.
Your foxfire completely resists.
The flame wave engulfs your foxfire.
Your foxfire completely resists. (Press . to intensify the flame waves.)
The foxfire hits the water moccasin skeleton.
The water moccasin skeleton is almost destroyed.
The foxfire hits the centaur!
You kill the centaur!
Sif Muna accepts your kill. The water moccasin skeleton bites you.
* * * LOW HITPOINT WARNING * * *
Prince Ribbit blinks!
A wave of flame ripples out!
The flame wave engulfs the water moccasin skeleton!!
You destroy the water moccasin skeleton!
Sif Muna accepts your kill.
Your Spellcasting skill increases to level 7!
It was a potion of curing.
You feel better. Prince Ribbit completely misses you.
Casting: Flame Wave (dangerous; 4% risk of failure)
Confirm with . or Enter, or press ? or * to list all spells.
Okay, then.
Okay, then.
Unknown command.
Unknown command.
Casting: Flame Wave (dangerous; 4% risk of failure)
Confirm with . or Enter, or press ? or * to list all spells.
Aiming: Inner Flame (dangerous; 4% risk of failure)
Press: ? - help, Dir - move target, f - Prince Ribbit
Aim: Prince Ribbit (chance to affect: 78%)
You feel a surge of power!
Prince Ribbit is filled with an inner flame.
Prince Ribbit hits you!
You die...

...............
...........$...
...............
......)........
...........(....#
................#
......).........#
.......F@.......# ######
................# #.....
........!.......# #.....
................####.....
.........................
................####.....
................# #.....
................# #.....
................# #.....


You could see Prince Ribbit (inner flame).

Vanquished Creatures
  The ghost of Zero the Digger, a novice GrEE of Vehumet (D:6)
  An ice beast (D:6)
  A necrophage (D:6)
  2 black bears (D:6)
  3 centaurs
  3 ogres
  A kobold brigand (D:3)
  A gnoll sergeant (D:6)
  A wyvern skeleton (D:4)
  A water moccasin skeleton (D:7)
  A centaur zombie (D:5)
  A jelly (D:6)
  2 orc priests
  4 hounds
  5 iguanas
  5 orc wizards
  A hound skeleton (D:5)
  28 gnolls
  A howler monkey skeleton (D:7)
  4 adders
  3 ufetubi
  3 worms
  13 orcs
  2 endoplasms
  A giant cockroach (D:1)
  3 goblins
  8 hobgoblins
  2 jackals (D:1)
  2 quokkas (D:4)
  6 ball pythons
  4 bats
  3 frilled lizards
  43 kobolds
  5 rats
165 creatures vanquished.

Vanquished Creatures (others)
  632 foxfires
632 creatures vanquished.

Grand Total: 797 creatures vanquished

Notes
Turn   | Place    | Note
-------+----------+-------------------------------------------
     0 | D:1      | Conn the Octopode Fire Elementalist began the quest for the
                  | Orb.
     0 | D:1      | Reached XP level 1. HP: 11/11 MP: 3/3
   353 | D:1      | Reached XP level 2. HP: 8/17 MP: 0/5
  1776 | D:3      | Reached XP level 3. HP: 21/21 MP: 1/6
  2070 | D:3      | Found an opulent altar of Gozag.
  2150 | D:3      | Found a sparkling altar of Nemelex Xobeh.
  2182 | D:3      | Reached XP level 4. HP: 27/27 MP: 0/8
  2640 | D:3      | Noticed a kobold brigand
  2652 | D:3      | Killed a kobold brigand
  2653 | D:3      | Reached XP level 5. HP: 31/31 MP: 2/9
  3200 | D:3      | Reached XP level 6. HP: 25/36 MP: 0/11
  3826 | D:3      | Found a faded altar of an unknown god.
  4330 | D:3      | Learned a level 3 spell: Conjure Flame
  4334 | D:3      | Learned a level 3 spell: Inner Flame
  4339 | D:3      | Learned a level 4 spell: Flame Wave
  4380 | D:4      | Reached XP level 7. HP: 42/42 MP: 5/13
  4774 | D:4      | Found a one-way gate to the infinite horrors of the Abyss.
  4774 | D:4      | Noticed Acheron's ghost (amateur TeWn)
  4951 | D:4      | Found a shimmering altar of Xom.
  4984 | D:4      | Found an iron altar of Okawaru.
  5152 | D:4      | Found a transporter.
  5157 | D:4      | Found a transporter.
  5179 | D:4      | Reached skill level 5 in Fire Magic
  5180 | D:4      | Noticed a toenail golem
  5463 | D:4      | Learned a level 2 spell: Scorch
  5466 | D:4      | Learned a level 2 spell: Call Imp
  5522 | D:5      | Entered Level 5 of the Dungeon
  5522 | D:5      | Found a staircase to the Ecumenical Temple.
  5536 | D:5      | Reached XP level 8. HP: 36/47 MP: 1/15
  5580 | Temple   | Entered the Ecumenical Temple
  5796 | Temple   | Became a worshipper of Sif Muna the Loreminder
  5944 | D:5      | Reached skill level 5 in Conjurations
  6273 | D:5      | Found Vuasaem's Lightly-Used Armoury.
  6481 | D:5      | Reached skill level 5 in Spellcasting
  6815 | D:6      | Found a bloodstained altar of Trog.
  6833 | D:6      | Reached * piety under Sif Muna
  7203 | D:6      | Found a runed translucent gate.
  7207 | D:6      | Found a runed translucent gate.
  7208 | D:6      | Found a runed translucent gate.
  7210 | D:6      | Noticed Zero's ghost (novice GrEE)
  7282 | D:6      | Reached XP level 9. HP: 52/52 MP: 17/17
  7741 | D:6      | Found a blossoming altar of Fedhas.
  7891 | D:6      | Killed Zero's ghost
  8199 | D:7      | Noticed Prince Ribbit
  8204 | D:7      | Slain by Prince Ribbit

Illustrated notes

Levels and vault maps discovered:
D:1:      dpeg_arrival_refuge, layout_basic, minmay_misc_feat_square,
          st_stairs_11
D:2:      layout_loops_ring, serial_shops, nicolae_diamond_shop
D:3:      minmay_goblin_kobold_castle, layout_basic, nicolae_gozag_seed_capital,
          overflow_temple_1_default, shapermc_ecumenical_altar_ellora
D:4:      layout_cave_pools, mainiacjoe_overflow_cross_hatched,
          amcnicky_altar_gilded, gammafunk_ghost_abyssal_escape,
          grunt_decor_cap, amcnicky_mini_corridor_feature, hex_medium
D:5:      layout_cave_pools, minmay_temple_entry_purple_smoke,
          minmay_shop_damaged, minmay_misc_feat_room
D:6:      layout_basic, old_standard_altar, fedhas_altar_4,
          ebering_ghost_rock_garden, kennysheep_windowed_goal
D:7:      layout_basic, mainiacjoe_overflow_alcove_4, uniq_joseph,
          uniq_prince_ribbit1
Temple:   minmay_temple_curvy_loop

Skill      XL: |  1  2  3  4  5  6  7  8  9 |
---------------+----------------------------+-----
Stealth        | 3 4 |  4.7
Spellcasting   | 3 4 5 7 |  7.0
Conjurations   | 2 3 4 6 |  6.2
Fire Magic     | 4 5 6 7 |  7.4
Dodging        | 3 |  3.2
Fighting       | |  0.9
Staves         | |  0.8
Hexes          | |  0.9

Action                   |  1- 3 |  4- 6 |  7- 9 || total
-------------------------+-------+-------+-------++-------
Melee: Unarmed           |     4 |       |       ||     4
       Staff             |    15 |     8 |     8 ||    31
       Tentacles         |     7 |     4 |     4 ||    15
       Constrict         |     7 |     3 |     2 ||    12
       Punch             |       |       |     1 ||     1
 Cast: Foxfire           |    57 |   115 |   197 ||   369
       Inner Flame       |       |       |     7 ||     7
       Scorch            |       |       |    20 ||    20
       Conjure Flame     |       |       |     1 ||     1
       Flame Wave        |       |       |     1 ||     1
  Use: Potion            |       |       |     1 ||     1
 Stab: Sleeping          |       |       |     1 ||     1
Armor: Skin              |     6 |     3 |     1 ||    10
Dodge: Dodged            |    32 |    22 |    41 ||    95
